 Dungeon Crawl Stone Soup version 0.20.1-1-g8b1a95d (webtiles) character file.

1304 polve the Ruffian (level 8, -6/70 HPs)
             Began as a Pale Draconian Transmuter on Aug 6, 2017.
             Mangled by a two-headed ogre
             ... wielding a +0 giant club
              (24 damage)
             ... on level 6 of the Dungeon.
             The game lasted 00:08:37 (7228 turns).

polve the Ruffian (Pale Draconian Transmuter)       Turns: 7228, Time: 00:08:38

Health: -6/70      AC: 10    Str: 13    XL:     8   Next: 31%
Magic:  11/11      EV: 12    Int: 15    God:
Gold:   279        SH:  0    Dex: 12    Spells: 0/11 levels left

rFire    . . .     SeeInvis .   b - +2 dagger (venom)
rCold    . . .     Gourm    .   (no shield)
rNeg     . . .     Faith    .   (armour unavailable)
rPois    .         Spirit   .   (helmet restricted)
rElec    .         Reflect  .   o - +2 cloak
rCorr    .         Harm     .   q - +0 pair of gloves
MR       .....                  (no boots)
Stlth    +.........             d - amulet of regeneration
Regen    0.7/turn               (no ring)
MPRegen  0.2/turn               (no ring)

@: no status effects
A: breathe steam, unfitting armour, cold-blooded, AC +6
a: Breathe Steam


You were on level 6 of the Dungeon.
You were hungry.

You visited 1 branch of the dungeon, and saw 6 of its levels.

You collected 279 gold pieces.

Inventory:

Hand Weapons
 b - a +2 dagger of venom (weapon)
Missiles
 a - 76 arrows (quivered)
Armour
 o - a +2 cloak (worn)
 q - a +0 pair of gloves (worn)
Jewellery
 d - an amulet of regeneration (around neck)
Wands
 y - a wand of acid (8/15)
Scrolls
 e - 7 scrolls of teleportation {unknown}
 f - 2 scrolls of enchant armour {unknown}
 i - 2 scrolls of magic mapping {unknown}
 k - 3 scrolls of random uselessness {unknown}
 l - a scroll of amnesia {unknown}
 m - 6 scrolls of identify {unknown}
 n - 3 scrolls of remove curse {unknown}
 u - 2 scrolls of fear {unknown}
 w - 2 scrolls of fog {unknown}
Potions
 j - 2 potions of ambrosia {unknown}
 s - a potion of berserk rage {unknown}
 t - 2 potions of might {unknown}
 v - a potion of degeneration {unknown}
 A - a potion of resistance {unknown}
Books
 h - a book of Changes

   Spells                             Type                      Level
   a - Beastly Appendage              Transmutation                1
   b - Sticks to Snakes               Transmutation                2
   c - Spider Form                    Transmutation/Poison         3
   d - Ice Form                       Ice/Transmutation            4
   e - Blade Hands                    Transmutation                5
 x - a book of Frost

   Spells                             Type                      Level
   a - Freeze                         Ice                          1
   b - Throw Frost                    Conjuration/Ice              2
   c - Ozocubu's Armour               Charms/Ice                   3
   d - Throw Icicle                   Conjuration/Ice              4
   e - Summon Ice Beast               Ice/Summoning                4
 z - a book of Cantrips

   Spells                             Type                      Level
   a - Confusing Touch                Hexes                        1
   b - Animate Skeleton               Necromancy                   1
   c - Summon Small Mammal            Summoning                    1
   d - Apportation                    Translocation                1
Comestibles
 c - 7 bread rations
 g - 4 meat rations
 p - 2 royal jellies
 r - 3 fruits


   Skills:
 + Level 6.0 Fighting
 - Level 2.2 Short Blades
 - Level 1.7 Dodging
 + Level 6.0 Unarmed Combat
 - Level 2.0 Spellcasting
 - Level 5.9 Transmutations
 - Level 2.0 Poison Magic


You couldn't memorise any spells.
You knew the following spells:

 Your Spells              Type           Power        Failure   Level  Hunger
a - Beastly Appendage     Tmut           ###...       1%          1    #......
b - Sticks to Snakes      Tmut           ###.....     3%          2    ###....
c - Spider Form           Tmut/Pois      ##........   13%         3    ###....
d - Blade Hands           Tmut           ###.......   47%         5    ######.


Dungeon Overview and Level Annotations

Branches:
Dungeon (6/15)             Temple (0/1) D:5

Altars:
Elyvilon
Nemelex Xobeh
Yredelemnul

Annotations:
D:3 ThePrince's ghost, amateur MfGl
D:6 Eustachio


Innate Abilities, Weirdness & Mutations

You can breathe blasts of scalding, opaque steam.
Your pale cyan-grey scales are hard. (AC +6)
You cannot fit into any form of body armour.
You are cold-blooded and may be slowed by cold attacks.


Message History

The two-headed ogre is severely wounded.
The bat hits you but does no damage. x2
Eustachio casts a spell.
Eustachio blinks!
The two-headed ogre barely misses you. The two-headed ogre closely misses you.
The bat closely misses you.
Eustachio mumbles some strange words.
The bat barely misses you. The bat closely misses you.
There is a stone staircase leading up here.
You hit the bat but do no damage.
The bat is poisoned.
The bat barely misses you.
The iron imp lashes its tail.
The bat hits you but does no damage.
Eustachio gestures wildly while chanting.
Eustachio blinks!
The two-headed ogre hits you with a giant club!!
* * * LOW HITPOINT WARNING * * *
The two-headed ogre hits you with a giant club!!
You die...

#.).............
#...............
#...............
#...............
#...............
#...............
#..(......b.....
#......O@.......
#......5.........
##...5@...........>
#..ยง...#.###.>..$...
#.#.#..#.# #....$...
#.#.#....# #........
#.#.#..#.###........
#####.#.#.##............
#.....#....5.#.........?


You could see a two-headed ogre, Eustachio, an iron imp, an ufetubus and a bat.

Vanquished Creatures
  Sigmund (D:2)
  2 ice beasts (D:5)
  2 ogres (D:5)
  A centaur (D:5)
  2 scorpions (D:5)
  A jelly (D:5)
  2 bullfrog zombies (D:5)
  2 hounds
  Crazy Yiuf (D:3)
  A bullfrog skeleton (D:5)
  An iguana (D:5)
  4 worker ants (D:5)
  A hound zombie (D:5)
  3 hound skeletons (D:4)
  4 gnolls (D:5)
  A howler monkey skeleton (D:5)
  4 adders
  A shadow imp (D:5)
  2 oozes (D:2)
  An adder skeleton (D:5)
  3 worms
  4 dart slugs
  5 leopard geckos
  8 orcs
  A ball python (D:1)
  6 giant cockroaches
  12 goblins
  8 hobgoblins
  23 jackals
  3 quokkas
  8 bats
  5 frilled lizards
  A giant cockroach zombie (D:5)
  9 kobolds
  A leopard gecko skeleton (D:4)
  A leopard gecko zombie (D:5)
  10 rats
  A spectral orc (D:4)
146 creatures vanquished.

Notes
Turn   | Place    | Note
-------+----------+-------------------------------------------
     0 | D:1      | polve the Draconian Transmuter began the quest for the Orb.
     0 | D:1      | Reached XP level 1. HP: 16/16 MP: 3/3
   202 | D:1      | Reached XP level 2. HP: 21/23 MP: 3/5
   567 | D:1      | Reached XP level 3. HP: 28/28 MP: 6/6
   571 | D:1      | Learned a level 2 spell: Sticks to Snakes
   575 | D:1      | Learned a level 3 spell: Spider Form
   861 | D:1      | Reached skill level 1 in Poison Magic
  1293 | D:2      | Found a white marble altar of Elyvilon.
  1379 | D:2      | Found a faded altar of an unknown god.
  1535 | D:2      | Reached XP level 4. HP: 32/35 MP: 7/7
  1820 | D:2      | Noticed Sigmund
  1839 | D:2      | Killed Sigmund
  1839 | D:2      | Reached skill level 5 in Transmutations
  1839 | D:2      | Reached XP level 5. HP: 3/40 MP: 8/8
  2438 | D:3      | Noticed ThePrince's ghost (amateur MfGl)
  2644 | D:3      | Found a runed door.
  3578 | D:3      | Reached XP level 6. HP: 37/47 MP: 7/9
  4401 | D:3      | Noticed Crazy Yiuf
  4419 | D:3      | Killed Crazy Yiuf
  4419 | D:3      | Reached skill level 1 in Short Blades
  4670 | D:4      | Found a basalt altar of Yredelemnul.
  5429 | D:4      | Found a sparkling altar of Nemelex Xobeh.
  5454 | D:5      | Entered Level 5 of the Dungeon
  5643 | D:5      | Noticed an ice beast
  5666 | D:5      | Found a staircase to the Ecumenical Temple.
  5671 | D:5      | Killed an ice beast
  5671 | D:5      | Your scales start taking on a pale cyan-grey colour.
  5671 | D:5      | Reached XP level 7. HP: 6/56 MP: 6/10
  6278 | D:5      | Reached skill level 5 in Unarmed Combat
  6316 | D:5      | Reached skill level 5 in Fighting
  6330 | D:5      | Reached XP level 8. HP: 38/69 MP: 11/11
  6407 | D:5      | Learned a level 5 spell: Blade Hands
  7195 | D:6      | Noticed a two-headed ogre
  7200 | D:6      | Noticed Eustachio
  7228 | D:6      | Mangled by a two-headed ogre

Skill      XL: |  1  2  3  4  5  6  7  8 |
---------------+-------------------------+-----
Transmutations | 3 5 |  5.9
Poison Magic   | 1 2 |  2.0
Short Blades   | 2 |  2.2
Fighting       | 2 5 6 |  6.0
Unarmed Combat | 5 6 |  6.0
Dodging        | |  1.7
Spellcasting   | |  2.0

Action                   |  1- 3 |  4- 6 |  7- 9 || total
-------------------------+-------+-------+-------++-------
Melee: Unarmed           |    19 |    98 |    67 ||   184
       Tailslap          |    12 |    31 |    22 ||    65
       Kick              |     1 |       |     5 ||     6
       Dagger            |   107 |   187 |    85 ||   379
       Punch             |     2 |     3 |     1 ||     6
       Headbutt          |       |     3 |     3 ||     6
 Cast: Beastly Appendage |     5 |     5 |     4 ||    14
       Sticks to Snakes  |       |     2 |     1 ||     3
       Spider Form       |       |     1 |       ||     1
 Abil: Breathe Steam     |       |       |     6 ||     6
 Stab: Distracted        |       |     1 |       ||     1
       Sleeping          |       |     1 |     1 ||     2
  Eat: Chunk             |     2 |    14 |     5 ||    21
Armor: Skin              |    35 |    66 |    52 ||   153
Dodge: Dodged            |    80 |   163 |   108 ||   351
